 Dungeon Crawl Stone Soup version 0.28.0-43-g3370ac3207 (webtiles) character file.

Game seed: 15935097859994372269

158 H0rd4k the Magician (level 5, -3/28 HPs)
             Began as a Deep Elf Hedge Wizard on Mar 29, 2022.
             Succumbed to a scorpion's poison
             ... on level 4 of the Dungeon.
             The game lasted 00:03:45 (3318 turns).

H0rd4k the Magician (Deep Elf Hedge Wizard)         Turns: 3318, Time: 00:03:45

Health: -3/28      AC:  2    Str:  7    XL:     5   Next: 16%
Magic:  7/15       EV: 13    Int: 21    God:
Gold:   115        SH:  0    Dex: 14    Spells: 7/16 levels left

rFire   . . .      SeeInvis .   a - +0 dagger
rCold   . . .      Faith    .   (no shield)
rNeg    . . .      Spirit   .   b - +0 robe
rPois   .          Reflect  .   c - +0 hat
rElec   .          Harm     .   (no cloak)
rCorr   .          Rampage  .   (no gloves)
Will    .....                   (no boots)
Stlth   ++........              (no amulet)
HPRegen 0.09/turn               (no ring)
MPRegen 0.14/turn               (no ring)

@: lethally poisoned (-3 -> -23), on blink cooldown
A: no striking features
a: no special abilities


You were on level 4 of the Dungeon.
You visited 1 branch of the dungeon, and saw 4 of its levels.

You collected 115 gold pieces.

Inventory:

Hand Weapons
 a - a +0 dagger (weapon)
Armour
 b - a +0 robe (worn)
 c - a +0 hat (worn)
Jewellery
 j - a ring of magical power
Scrolls
 d - 2 scrolls of teleportation {unknown}
 f - 4 scrolls of fog {unknown}
 h - a scroll of identify {unknown}
 i - a scroll of blinking {unknown}
 l - a scroll of immolation {unknown}
 m - a scroll of brand weapon {unknown}
Potions
 e - a potion of haste {unknown}
 g - a potion of attraction {unknown}
 k - a potion of brilliance {unknown}


   Skills:
 + Level 0.1 Fighting
 + Level 3.1 Dodging
 - Level 2.4 Stealth
 + Level 6.3 Spellcasting
 + Level 2.7 Conjurations
 + Level 1.1 Summonings
 + Level 1.1 Translocations
 + Level 1.0 Fire Magic
 * Level 0.6 Air Magic
 + Level 1.1 Poison Magic


You had 7 spell levels left.
You knew the following spells:

 Your Spells              Type           Power      Damage    Failure   Level
a - Magic Dart            Conj           72%        1d6       3%          1
b - Blink                 Tloc           22%        N/A       9%          2
c - Conjure Flame         Conj/Fire      14%        6-21      13%         3
d - Mephitic Cloud        Conj/Pois/Air  13%        N/A       16%         3

Your spell library contained the following spells:

 Spells                   Type           Power      Damage    Failure   Level
 Call Imp                 Summ           11%        N/A       9%          2
 Slow                     Hex            24%        N/A       10%         1


Dungeon Overview and Level Annotations

Branches:
Dungeon (4/15)
 Temple: D:4-7

Altars:

Shops:
D:1 !

Annotations:
D:2 exclusion: downstairs
D:4 1 runed translucent door, exclusion: door, Pargi; doomsgape's ghost, amateur GrEE


Message History

You can't see any susceptible monsters within range! (Use Z to cast anyway.)
A scorpion comes into view.
A scorpion is nearby!
A scorpion is nearby!
A scorpion is nearby!
The magic dart hits the scorpion.
The scorpion is lightly wounded.
The magic dart hits the scorpion.
The scorpion is heavily wounded.
Unknown command.
The magic dart hits the scorpion.
The scorpion is heavily wounded.
The magic dart hits the scorpion but does no damage.
The scorpion is heavily wounded.
The magic dart hits the scorpion.
The scorpion is severely wounded.
The scorpion stings you!
You are poisoned.
The scorpion poisons you!
The magic dart hits the scorpion but does no damage.
The scorpion is severely wounded.
You feel sick. The scorpion stings you.
You are lethally poisoned!
The scorpion poisons you!
The magic dart hits the scorpion but does no damage.
The scorpion is severely wounded.
You feel very sick. The scorpion stings you.
* * * LOW HITPOINT WARNING * * *
You are more poisoned.
The scorpion poisons you!
The scorpion stings you but does no damage.
* * * LOW HITPOINT WARNING * * *
You feel very sick. The scorpion misses you.
Unknown command.
Casting: Magic Dart (safe; 3% risk of failure)
Confirm with . or Enter, or press ? or * to list all spells.
You blink.
Found an escape hatch in the ceiling.
You die...

#..............#..#
#.........[...##..##.<.
#...........#>........
##................?..#
#.##....#(.......<..#
##.......#..........##.
##.##...#.............
#......##.............
##.......§s...@#..
##.<.........##.
##....>.........
#..###.....##...
##.#...........#
#####....##.... ######
... ..


You could see a scorpion.

Vanquished Creatures
  A bullfrog skeleton (D:3)
  7 adders
  A howler monkey skeleton (D:3)
  3 orcs (D:3)
  2 bats (D:2)
  6 endoplasms
  2 giant cockroaches
  2 goblins
  2 hobgoblins
  6 jackals
  4 quokkas
  7 ball pythons
  A frilled lizard (D:2)
  6 kobolds
  5 rats
55 creatures vanquished.

Notes
Turn   | Place    | Note
-------+----------+-------------------------------------------
     0 | D:1      | H0rd4k the Deep Elf Hedge Wizard began the quest for the
                  | Orb.
     0 | D:1      | Reached XP level 1. HP: 10/10 MP: 7/7
   780 | D:1      | Reached XP level 2. HP: 15/15 MP: 4/9
   915 | D:1      | Found Lynigawk's Distillery.
   953 | D:1      | Reached skill level 5 in Spellcasting
  1344 | D:2      | Reached XP level 3. HP: 19/19 MP: 8/12
  1347 | D:2      | Learned a level 2 spell: Blink
  1351 | D:2      | Learned a level 3 spell: Conjure Flame
  1355 | D:2      | Learned a level 3 spell: Mephitic Cloud
  1935 | D:2      | Found a faded altar of an unknown god.
  2060 | D:2      | Reached XP level 4. HP: 24/24 MP: 11/13
  2198 | D:3      | Reached skill level 6 in Spellcasting
  2489 | D:3      | Reached skill level 1 in Poison Magic
  2931 | D:3      | Reached skill level 1 in Fire Magic
  2931 | D:3      | Reached XP level 5. HP: 28/28 MP: 9/15
  2952 | D:4      | Found a runed translucent door.
  3079 | D:4      | Noticed doomsgape's ghost (amateur GrEE)
  3216 | D:4      | Noticed Pargi
  3317 | D:4      | HP: 1/28 [poisoned by a scorpion]
  3318 | D:4      | Succumbed to a scorpion's poison

Illustrated notes

Levels and vault maps discovered:
D:1:      lemuel_arrival_tunnels, layout_loops_ring, serial_shops,
          nicolae_shop_hallway_stairs, minivault_4,
          minmay_misc_feat_four_crosses
D:2:      layout_rooms, hellmonk_ecumenical_altar_inner_sanctum,
          minmay_split_cup_large
D:3:      layout_loops_ring, minitemple
D:4:      layout_cave_pools, ebering_ghost_sewer_d, uniq_blork_the_orc,
          uniq_pargi

Skill      XL: |  1  2  3  4 |
---------------+-------------+-----
Spellcasting   | 5 6 |  6.3
Dodging        | 3 |  3.1
Conjurations   | 2 |  2.7
Poison Magic   | 1 |  1.1
Fire Magic     | 1 |  1.0
Fighting       | |  0.1
Stealth        | |  2.4
Summonings     | |  1.1
Translocations | |  1.1
Air Magic      | |  0.6

Action                   |  1- 3 |  4- 6 || total
-------------------------+-------+-------++-------
Melee: Dagger            |     1 |     9 ||    10
 Cast: Magic Dart        |    86 |    84 ||   170
       Conjure Flame     |       |     1 ||     1
       Mephitic Cloud    |       |     1 ||     1
       Blink             |       |     1 ||     1
  Use: Potion            |       |     1 ||     1
Armor: Robe              |     7 |     4 ||    11
Dodge: Dodged            |    18 |    11 ||    29
